[Event "2nd Late Dr Abul K C Chess-ch A 2022"]
[Site "Dhaka"]
[Date "2022.07.06"]
[Round "5.4"]
[White "Ahmed, Shafiq"]
[Black "Manon, Reja Neer"]
[Result "1-0"]
[ECO "B12"]
[WhiteElo "2100"]
[BlackElo "2089"]
[Annotator "TA"]
[PlyCount "149"]
[EventDate "2022.07.03"]
[EventCountry "BAN"]
[SourceTitle "playchess.com"]
[Source "ChessBase"]
[SourceQuality "1"]
[TimeControl "5400+30"]

1. e4 c6 2. d4 d5 3. e5 Bf5 4. c3 e6 5. Bd3 Ne7 6. Ne2 {[%emt 0:00:12] B12: Caro-Kann: Advance Variation.} Nd7 7. O-O {[%emt 0:01:40] [#]} Qc7 $146 ({Predecessor:} 7... h5 8. Na3 Qb6 9. Nc2 c5 10. b4 cxd4 11. cxd4 Rc8 12. a4 h4 13. b5 h3 {1-0 (34) Kotlyanskiy,E (2299)-Hyllengren,A (2281) ICCF email 2010}) 8. Bxf5 {[%emt 0:10:00] White is slightly better.} Nxf5 9. g4 (9. Ng3) 9... Nh4 10. Ng3 Be7 {[%emt 0:01:58] Inhibits Bg5.} 11. f4 O-O-O 12. f5 Rde8 13. fxe6 (13. a4) (13. a4 $11) 13... fxe6 $15 14. Nh5 (14. Rf7 Nxe5 15. Bf4 Nhg6) (14. Nd2) (14. Rf7 $2 Nxe5 $1 15. Rf1 Nd7 $19) (14. Nd2 $15) 14... Rhg8 (14... Ref8 15. Nd2 (15. Nxg7 Nxe5 16. Nd2 Rxf1+ 17. Qxf1 Nxg4) 15... Rxf1+ 16. Nxf1 g6) ({Black should try} 14... Ref8 $17 15. Kh1 (15. Nxg7 $2 Nxe5 16. Nd2 Rxf1+ 17. Qxf1 Nxg4 $19) 15... Qb6) 15. Bf4 (15. Rf7 Rgf8 16. Rxg7 Nxe5) (15. Rf7 Rgf8 16. Rxg7 Nxe5 $1 $17 ) 15... Qb6 (15... Ref8 {is interesting.} 16. Nd2 Qb6 17. b4 a5) 16. b4 g6 (16... a5 17. a3 Qa6) ({Better is} 16... a5 $15 17. a3 Qa6) 17. Ng3 (17. Nf6 Nxf6 18. exf6 Bxf6 19. Bg3) (17. Nf6 $1 $11 Nxf6 18. exf6 Bxf6 19. a4) 17... g5 $1 $36 {[%emt 0:01:36][%mdl 2048] Keeping White busy.} 18. Be3 Nxe5 19. Nd2 Ref8 20. Qe2 Neg6 21. Nh5 Qc7 22. c4 (22. Bf2) (22. Bf2 $17) 22... Kb8 $19 (22... Bxb4 23. Nf6) (22... Bxb4 23. Nf6 $11) 23. c5 e5 $1 24. Rxf8+ Rxf8 (24... Nxf8 25. dxe5 Ne6 26. Rf1 $11 (26. Nf6 Rf8 $17)) 25. Rf1 e4 26. Rxf8+ Nxf8 (26... Bxf8 27. Bxg5 Be7 28. Be3 $15) 27. Qf2 Qd7 28. h3 Qe6 29. Bxg5 Bxg5 30. Qxf8+ Qc8 31. Qd6+ (31. Qxc8+ {was worth a try.} Kxc8 32. Nb3) 31... Ka8 32. Nb3 e3 33. Ng7 {[%emt 0:06:04] Inhibits Qe8.} e2 (33... a5 $17 {Hoping for ...h5.} 34. Kf1 axb4) 34. Kf2 $11 Qg8 35. Qe6 {[%emt 0:04:14] Inhibits Qf7+.} Qf8+ 36. Nf5 {[%emt 0:00:14] Really sharp!} h5 $2 (36... a6 $11) 37. Kxe2 $2 (37. b5 $1 $18 ) 37... hxg4 38. Nxh4 Bxh4 39. Qxg4 $18 {[%emt 0:00:31][%mdl 4096] Endgame KQB-KQN} Qf2+ 40. Kd3 Qf1+ 41. Kc3 Be1+ 42. Kb2 a6 43. Na5 Ka7 44. a3 Qf2+ 45. Kb3 {[%emt 0:00:35][%cal Oa5c6] Black must now prevent Nxc6+!} Qe3+ (45... Qd2 $2 46. Nxc6+ $1 (46. Qc8 Qc3+ 47. Ka4 Qc2+ 48. Nb3 Bxb4 49. Qf8 Qb2) 46... bxc6 47. Qd7+ Kb8 48. Qd8+ (48. Qxc6 Qd1+ 49. Kb2 Qxd4+ 50. Kb3 Qd1+ 51. Kb2 Qe2+ 52. Kb3 Qd3+ 53. Ka4 Bg3 $15) 48... Kb7 49. Qd7+ Kb8 50. Qd8+ (50. Qxc6 Qd1+ 51. Kb2 Qe2+ 52. Kb3 Qd1+ 53. Kb2 Qe2+ 54. Kb3 Qd1+ $11) 50... Kb7 51. Qb6+ Kc8 52. Qxc6+ Kd8 53. Qxd5+ Ke7 54. Qe4+ Kd8 55. Qd5+ Ke7 56. Qe5+ Kf7 57. Ka4 $18) 46. Ka4 Qd3 $2 {[%emt 0:00:58][%mdl 8192] [#]} (46... Qe7 $11 {and Black has nothing to worry.}) 47. Nxc6+ $1 bxc6 48. Qd7+ Kb8 49. Qd8+ Kb7 {[%emt 0:00:37] ( -> ...Qc2+)} 50. Qb6+ {[%emt 0:00:14][%mdl 64] Deflection} Ka8 {[%emt 0:00:32] Threatens to win with ...Qb5+.} 51. Qxc6+ Kb8 52. Qe8+ Kb7 53. Qe7+ ({Less strong is} 53. Qxe1 Qb5+ 54. Kb3 Qc4+ 55. Kb2 Qxd4+ 56. Qc3 Qg1 $18) 53... Kb8 54. Qxe1 {[%emt 0:00:29] White wants to mate with Qe8+. KQ-KQ} Qb5+ 55. Kb3 Qc4+ 56. Kb2 Qxd4+ 57. Qc3 Qf2+ 58. Qc2 Qf6+ (58... Qe3 59. h4 d4) 59. Kb3 Qf3+ 60. Qc3 Qd1+ 61. Kb2 Qe2+ 62. Kc1 Qf1+ 63. Kc2 {[%emt 0:00:03] Strongly threatening Qe5+.} Qe2+ {[%emt 0:01:10] [#]} 64. Qd2 $1 Qc4+ {[%emt 0:00:13] [#]} 65. Kb2 $1 d4 66. h4 d3 $2 (66... a5 67. Qc2 Qf1 68. bxa5 Kc8) 67. h5 {[%emt 0:00:05] h6 is the strong threat.} Qd4+ 68. Kb3 a5 69. h6 {[%emt 0:00:39] Intending Qh2+ and mate.} Kc7 70. h7 {[%emt 0:01:47] White mates.} a4+ 71. Kxa4 Qd7+ 72. b5 Qxh7 73. Qf4+ Kb7 74. c6+ Kb6 75. Qd4+ {[%emt 0:00:35] Never resign too early!  Weighted Error Value: White=0.23 (precise) /Black=0.34} 1-0

[Event "2nd Late Dr Abul K C Chess-ch A 2022"]
[Site "Dhaka"]
[Date "2022.07.06"]
[Round "5.5"]
[White "Chowdhury, Sohel"]
[Black "Mohammad Minhaz Uddin"]
[Result "0-1"]
[ECO "C42"]
[WhiteElo "2015"]
[BlackElo "2260"]
[Annotator "TA"]
[PlyCount "106"]
[EventDate "2022.07.03"]
[EventCountry "BAN"]
[SourceTitle "playchess.com"]
[Source "ChessBase"]
[SourceQuality "1"]
[TimeControl "5400+30"]

1. e4 e5 2. Nf3 Nf6 3. Nxe5 d6 4. Nf3 Nxe4 5. d4 d5 6. Bd3 Nc6 7. O-O Be7 8. c4 Nb4 9. cxd5 Qxd5 10. Nc3 Nxc3 11. bxc3 Nxd3 12. Qxd3 O-O {[%emt 0:02:23] [#] C42: Petroff Defence: 3 Nxe5 and unusual White 3rd moves.} 13. c4 $146 ({Predecessor:} 13. Re1 Bf5 14. Qf1 Rfe8 15. Re5 Qd7 16. Qb5 Qxb5 17. Rxb5 Be4 18. Bf4 Bd6 19. Bxd6 cxd6 20. Ng5 {0-1 (68) Aydemir,D-Yanik,M Kemer 2007}) 13... Qh5 (13... Bf5 $11 {is more appropriate.} 14. Qb3 Qd7) 14. Ba3 ({Better is} 14. Re1 $14 Bb4 15. Bd2) 14... Bf5 $11 {[%emt 0:01:37] The position is equal.} 15. Qe3 Bxa3 16. Qxa3 Be4 17. Rfe1 Bxf3 18. Qxf3 Qxf3 19. gxf3 {[%emt 0:00:02][%mdl 4096] Endgame KRR-KRR} Rfe8 20. Re3 Kf8 21. Rb1 b6 22. d5 Re7 23. a4 Rae8 24. Rbe1 f5 25. Kg2 Kf7 26. h4 Kf6 27. Kg3 h6 28. Kg2 Re5 29. R1e2 f4 30. Re4 Kf5 31. Rxe5+ (31. c5 $1 $11) 31... Rxe5 {[%emt 0:00:03] KR-KR} 32. Rc2 Kf6 (32... Re7 $5 ) 33. a5 Ke7 34. axb6 axb6 {[%emt 0:00:02] And now ...Kd6 would win.} 35. Kh3 h5 {[%emt 0:03:32][%cal Bh6h5,Bh5h4,Bh4h3,Bh3h2][%mdl 32] Threatens to win with ...Kd6.} 36. Kg2 $2 {[%emt 0:02:50] [#] Now White is beyond hope.} (36. Rc1 $17) 36... Kd6 $1 $19 37. Kf1 g5 38. hxg5 Rxg5 39. Rc1 $2 (39. Re2) 39... h4 40. Ke2 h3 41. Rh1 Rh5 {[%emt 0:00:01] [#] ...h2 is the strong threat.} 42. Kd3 h2 43. Ke4 Rh4 44. Kd4 Rh8 45. Ke4 Kc5 46. Kxf4 Kxc4 {[%emt 0:40:35] Hoping for ...b5.} 47. Ke5 Kd3 {[%emt 0:00:00] ( -> ...Ke2)} 48. f4 Ke2 {[%emt 0:00:00] Black mates.} 49. f5 Kxf2 50. f6 Kg2 51. Rxh2+ Kxh2 52. Ke6 b5 53. Kd7 b4 {[%emt 0:00:00] Weighted Error Value: White=0.69/Black=0.05 (flawless)} 0-1

[Event "2nd Late Dr Abul K C Chess-ch A 2022"]
[Site "Dhaka"]
[Date "2022.07.06"]
[Round "6.2"]
[White "Subrota, Biswas"]
[Black "Zia, Tahsin Tajwar"]
[Result "1-0"]
[ECO "B12"]
[WhiteElo "2253"]
[BlackElo "2307"]
[Annotator "TA"]
[PlyCount "95"]
[EventDate "2022.07.03"]
[EventCountry "BAN"]
[SourceTitle "playchess.com"]
[Source "ChessBase"]
[SourceQuality "1"]
[TimeControl "5400+30"]

1. e4 c6 2. d4 d5 3. e5 Bf5 4. h4 h5 5. Bd3 Bxd3 6. Qxd3 {[%emt 0:00:06][%cal Oe5e6] B12: Caro-Kann: Advance Variation.} Qa5+ 7. b4 Qxb4+ 8. Nd2 {[%emt 0:00:02] Rb1 is the strong threat. Black has an edge.} e6 9. Rb1 Qe7 10. c4 Nh6 11. Ne2 Nf5 12. Ng3 g6 {[%emt 0:00:00] [#]} (12... Nxh4 $11 13. cxd5 cxd5) 13. Nxf5 $146 ({Predecessor:} 13. O-O Bg7 14. Ba3 Qd7 15. Nxf5 gxf5 16. Bd6 Bf8 17. c5 Na6 18. Rb3 Bxd6 19. exd6 {1-0 (38) Grieve,H (2320)-Quirke,J (2108) Chess.com INT 2021}) 13... gxf5 14. Nf3 dxc4 15. Qxc4 b5 16. Qc3 Qd7 17. O-O Na6 18. Bg5 Nc7 19. Rfc1 Nd5 20. Qa5 Qb7 21. Rc2 Kd7 22. Bf6 Rg8 23. Ng5 ({But not} 23. Rbc1 $2 Bb4 24. Qxb4 Nxb4 $19) 23... Qb6 24. Qd2 Bh6 (24... Nxf6 $2 25. exf6 Bh6 26. Qb4 $18) 25. Qd1 (25. Qe2 $5 Bxg5 26. Bxg5 $11) 25... Nxf6 26. exf6 Bxg5 27. Qxh5 Raf8 28. hxg5 $16 Rh8 29. Qe2 {[%emt 0:06:19] 0x0.001670bd73b5dp-1022s more active pieces.} (29. Qf3 $142) 29... Rh4 $2 (29... Rh7 $16 30. g3 Rfh8) 30. g3 (30. d5 $1 $18 {[%cal Rd5e6] is the precise move to win.} Re4 31. dxe6+ Rxe6 32. Qd3+ Kc8 33. Rxb5) 30... Re4 (30... Rxd4 $16 31. Rbc1 Rd6) 31. Qf3 Rxd4 32. Rbc1 Rd6 33. Rd1 {[%emt 0:02:18][%mdl 1024] White has strong compensation.} Rd5 {[%emt 0:00:06] [#]} (33... Rxd1+ $16 34. Qxd1+ Kc7) 34. Kg2 (34. Rxd5+ $1 $18 cxd5 35. Qf4) 34... Rh8 35. Rdc1 (35. Rcc1 $16) 35... Rd6 ({Black should try} 35... c5 $11) 36. Qf4 (36. Qc3 $1 $14) 36... a5 $11 37. Rd2 $36 {[%emt 0:03:32][%mdl 2048] White fights for an advantage. The board is on fire.} Rd5 {[%emt 0:00:05] [#]} (37... Qc7 $1 $11 {keeps the balance.}) 38. Rdd1 $1 $16 Qb8 $2 (38... Qa7 $16) 39. Rxd5+ $18 cxd5 {[%emt 0:00:06][%mdl 4096] Endgame KQR-KQR} (39... exd5 $142 40. Qxf5+ Kd6) 40. Qd4 Rc8 41. Rxc8 {[%emt 0:00:10][%mdl 64] Deflection} Qxc8 {[%emt 0:00:09] KQ-KQ} 42. Qa7+ {[%emt 0:00:06][%mdl 64] Skewer, Double Attack} Kd6 43. Qxf7 {[%emt 0:03:58] Qe7+ would kill now.} d4 44. Qe7+ {[%emt 0:00:45] White mates.} Ke5 45. f7 Qc6+ 46. Kh2 Qc2 47. Qb7 ({Inferior is} 47. f8=Q Qxf2+ 48. Kh3 Qf1+ 49. Kh2 Qf2+ 50. Kh3 Qf1+ 51. Kh2 Qf2+ $11) 47... Qxf2+ 48. Qg2 {[%emt 0:00:35] Weighted Error Value: White=0.20 (precise) /Black=0.67} 1-0

[Event "2nd Late Dr Abul K C Chess-ch A 2022"]
[Site "Dhaka"]
[Date "2022.07.06"]
[Round "6.3"]
[White "Mohammad Minhaz Uddin"]
[Black "Ahmed, Shafiq"]
[Result "1-0"]
[ECO "C10"]
[WhiteElo "2260"]
[BlackElo "2100"]
[Annotator "TA"]
[PlyCount "127"]
[EventDate "2022.07.03"]
[EventCountry "BAN"]
[SourceTitle "playchess.com"]
[Source "ChessBase"]
[SourceQuality "1"]
[TimeControl "5400+30"]

1. e4 e6 2. d4 d5 3. Nd2 dxe4 4. Nxe4 Nf6 5. Bd3 Be7 6. Nf3 Nbd7 7. Qe2 O-O 8. O-O b6 9. Bf4 Bb7 10. Rad1 {[%emt 0:00:45] C10: French with 3 Nc3: Unusual Black 3rd moves and 3...dxe4.} Nd5 11. Bd2 Nb4 12. Bxb4 {[%emt 0:01:04] White is slightly better.} Bxb4 {[%emt 0:00:04] [#]} 13. Ne5 $146 ({Predecessor:} 13. Neg5 Nf6 14. c3 Bd6 15. Ne5 h6 16. Ne4 Nxe4 17. Bxe4 Bxe4 18. Qxe4 Bxe5 19. dxe5 {1-0 (54) Gonzalez Mesa,D (2269)-Rodriguez Bravo,A Havana 2009}) 13... Nf6 (13... Nxe5 $14 14. dxe5 Qh4) 14. Nxf6+ $1 $16 Qxf6 {[%emt 0:02:12] [#]} 15. Nd7 $1 (15. Qh5 $6 g6 16. Qe2 Bd6 $11) 15... Qg5 16. f4 {[%emt 0:00:03] Active counter play!} Qd5 17. Nxf8 Bxf8 {[%emt 0:00:13] A strong pair of Bishops.} 18. Bc4 Qf5 19. Rd2 h5 20. Qe5 Qe4 $2 (20... Rc8 21. Be2 h4 22. Qxf5 exf5) 21. Qxe4 ({Weaker is} 21. Qxc7 Rc8 22. Qe5 Rxc4 23. Qxe4 Bxe4 $17) ({Don't do} 21. Qxh5 Qe3+ 22. Rff2 Qe1+ 23. Bf1 g6 $18) 21... Bxe4 22. Be2 Bg6 23. Bf3 Rd8 24. Rfd1 Bd6 25. g3 Kh7 26. Kf2 Kh6 27. Ke3 f6 28. h3 (28. Be4 $18) 28... Be8 (28... e5 $16) 29. Kf2 $2 (29. h4 $18) 29... h4 $1 $14 30. Re2 hxg3+ 31. Kxg3 {[%emt 0:00:04] Strongly threatening h4.} g5 ({Black should try} 31... Bf7 $14) 32. Rxe6 $16 Bxf4+ 33. Kg2 Kg7 34. b3 Bd7 35. Re7+ Kg6 36. Be4+ ({White should play} 36. Re2 $16) 36... f5 $14 37. Bd5 Bd6 38. Re2 Kf6 $1 {[%emt 0:01:29] Against Be6} 39. c3 c6 {[%emt 0:01:33] [#]} 40. Bf3 Rh8 41. Rf1 Kg7 42. Rfe1 {[%emt 0:04:40][%cal Oe2e7] Re7+! is the strong threat.} Kf7 {[%emt 0:00:50] Inhibits Re7+.} 43. d5 (43. c4 $16) 43... g4 (43... c5 $1 $14) 44. hxg4 $18 fxg4 45. Be4 Rh2+ 46. Kg1 Rh6 {[%emt 0:01:07][%mdl 8192] This move loses the game for Black.} (46... Rxe2 $16 47. Rxe2 Bc5+ 48. Kg2 cxd5 49. Bxd5+ Kf6) 47. Rf2+ $2 (47. dxc6 Be6 48. Rd1) 47... Kg7 48. dxc6 g3 $2 (48... Bxc6 {is a better defense.} 49. Rff1 (49. Bxc6 Bc5 $14) 49... Bg3) 49. cxd7 gxf2+ 50. Kxf2 {[%emt 0:37:04][%mdl 4096] Endgame KRB-KRB} Rh8 (50... Be7 51. Bf5 Kf7) 51. Bc6 Rf8+ 52. Kg2 Bc7 53. Re7+ Rf7 54. Re8 Rf8 55. Bf3 a5 56. a4 Bd8 57. Kf2 Bg5 58. Ke2 Bh4 59. Bc6 Rh8 60. Rxh8 {[%emt 0:00:00] White mates.} Kxh8 61. Kd3 Kg7 62. Kc4 Kf8 63. Kb5 Bd8 64. Ka6 {[%emt 0:00:00] Weighted Error Value: White=0.26 (precise) /Black=0.43} 1-0

[Event "2nd Late Dr Abul K C Chess-ch A 2022"]
[Site "Dhaka"]
[Date "2022.07.06"]
[Round "6.4"]
[White "Islam, Khandaker Aminul"]
[Black "Shawket Bin, Osman Shaon"]
[Result "1/2-1/2"]
[ECO "D02"]
[WhiteElo "2182"]
[BlackElo "2053"]
[Annotator "TA"]
[PlyCount "93"]
[EventDate "2022.07.03"]
[EventCountry "BAN"]
[SourceTitle "playchess.com"]
[Source "ChessBase"]
[SourceQuality "1"]
[TimeControl "5400+30"]

1. d4 d5 2. Nf3 Nf6 3. Bf4 c5 4. e3 Nc6 5. c3 e6 6. Nbd2 Bd6 {[%emt 0:04:39] 6...Nh5 is the modern continuation.} 7. Bg3 O-O 8. Bd3 Bxg3 {[%emt 0:06:50] D02: 1 d4 d5 2 Nf3 sidelines, including 2...Nf6 3 g3 and 2...Nf6 3 Bf4.} 9. hxg3 Qd6 (9... Qb6 $11 {keeps the balance.}) 10. dxc5 (10. Ne5 {looks sharper.} h6 11. f4 Nd7 12. g4) 10... Qxc5 {[%emt 0:00:14] White is slightly better.} 11. e4 {[%emt 0:00:58] [#] Strongly threatening e5.} dxe4 12. Nxe4 Nxe4 13. Bxe4 h6 {[%emt 0:05:16] [#]} 14. O-O $146 ({Predecessor:} 14. g4 Ne5 15. Rh5 Nxf3+ 16. Qxf3 f5 17. gxf5 exf5 18. Bd5+ Kh8 19. O-O-O Bd7 20. Qf4 {1-0 (33) Pert,N (2558)-Ryan,J (2293) Dublin 2020}) 14... Ne5 15. Re1 {[%emt 0:00:42][%cal Bf1e1,Be1e4,Be4d4,Bd4d6][%mdl 32] Threatens to win with Nxe5.} Ng4 16. Qd4 Qc7 17. Rad1 Nf6 18. Ne5 Nxe4 19. Rxe4 (19. Qxe4 {with more complications.} f6 20. Nc4 e5 21. Rd6) 19... Re8 (19... f6 $1 $11) 20. Qc4 (20. Qa4 $16 Rf8 21. Qc4 Qxc4 22. Rxc4) 20... Qe7 (20... Qxc4 $11 21. Nxc4 (21. Rxc4 f6 $11) 21... b6) 21. Red4 $16 {[%emt 0:01:35] 0x0.00242f10bb7cdp-1022s more active pieces. The black rooks are badly placed.} f6 22. Nf3 Kh7 23. Qd3+ Kg8 24. Rd6 e5 25. Qe4 Be6 26. b3 b6 27. Qa4 Rac8 28. Qb4 Qc7 29. c4 Rcd8 30. Kf1 Kf7 31. Ne1 Rxd6 32. Qxd6 Qxd6 33. Rxd6 $15 {[%emt 0:00:01][%mdl 4096] Endgame KRB-KRN} Ke7 34. Rd2 Bf5 35. Ke2 Rd8 36. Rxd8 Kxd8 $11 {[%emt 0:00:01] KB-KN} 37. Kd2 Kc7 38. b4 {[%emt 0:01:27] [#]} (38. f3 $11 {remains equal.}) 38... g5 (38... Be6 $1 $17 39. Kc3 b5 40. cxb5 Bxa2) 39. a3 h5 40. Ke3 Bb1 (40... Be6 $5 ) 41. Nf3 Kd7 42. Nd2 Bc2 43. Ne4 {[%emt 0:10:47] The position is equal.} Bxe4 44. Kxe4 {[%emt 0:00:02] Black must now prevent Kf5.} Ke6 45. Ke3 f5 46. Kd3 Kd6 47. Ke3 {[%emt 0:17:53] Weighted Error Value: White=0.17 (very precise) /Black=0.20 (precise)} 1/2-1/2

[Event "2nd Late Dr Abul K C Chess-ch A 2022"]
[Site "Dhaka"]
[Date "2022.07.06"]
[Round "6.6"]
[White "Manon, Reja Neer"]
[Black "Khan, Nazrana"]
[Result "0-1"]
[ECO "B41"]
[WhiteElo "2089"]
[BlackElo "1829"]
[Annotator "TA"]
[PlyCount "78"]
[EventDate "2022.07.03"]
[EventCountry "BAN"]
[SourceTitle "playchess.com"]
[Source "ChessBase"]
[SourceQuality "1"]
[TimeControl "5400+30"]

1. e4 c5 2. Nf3 e6 3. d4 cxd4 4. Nxd4 a6 5. c4 d6 6. Nc3 Nf6 7. Be3 Qc7 8. Be2 {[%emt 0:00:27] B41: Sicilian: Kan Variation: 5 c4.} Nbd7 {[%emt 0:00:56] has lost popularity (8...Be7).} 9. O-O b6 10. f4 {[%emt 0:12:58] White is better.} Bb7 11. Qc2 Rc8 12. Rae1 Be7 {[%emt 0:01:17] [#]} 13. g4 $146 {[%emt 0:08:16][%cal Bg2g4,Bg4g5][%mdl 32] Threatens to win with g5.} ({Predecessor:} 13. Kh1 Qb8 14. Nf3 O-O 15. Bd3 Nc5 16. Bxc5 Rxc5 17. e5 Nd7 18. Bxh7+ Kh8 19. exd6 Bxd6 {0-1 (27) Loderbauer,G (1831)-Kiener,G (2019) Bayern 2008}) 13... O-O (13... h6 $11) 14. g5 $16 Ne8 15. Qb1 Qb8 16. Nf3 (16. f5 $16) 16... Bd8 17. h4 g6 18. h5 ({Better is} 18. Nh2 $16) 18... gxh5 $11 19. f5 (19. Rd1 $11) 19... d5 $1 $17 20. Kg2 {[%emt 0:06:03] Prevents Qg3+.} (20. cxd5 $17 {was necessary.} Qg3+ 21. Kh1) 20... dxe4 $19 21. Nh4 Nd6 22. Qd1 (22. b3 $142) 22... exf5 $2 (22... Ne5 $19 23. Bf4 Nd3 24. Bxd3 exd3+ 25. Kh3 d2 26. Qxd2 e5) 23. Bf4 $1 $16 Bc7 {[%emt 0:03:03][%cal Od6c4,Bd8c7,Bc7d6,Bd6c5,Bc5f8][%mdl 32] White must now prevent ...Nxc4!} 24. Bxd6 Bxd6 25. Nxf5 Rc6 {[%emt 0:03:12] [#]} 26. Qd4 (26. Nxe4 $6 Ne5 27. Qd2 (27. Bxh5 $2 Bb4 $19) (27. Nfxd6 $2 Rxd6 28. Qc2 f5 $19) 27... Kh8 $15) (26. Nh6+ $1 $16 Kg7 27. Nd5 (27. Bxh5 Ne5 $17)) 26... Ne5 $11 {[%emt 0:48:27] aiming for ...Bc5.} 27. Nd5 ({Reject} 27. Nh6+ Kg7 28. Rf5 (28. Nxe4 $2 Bc5 $19) 28... f6 $17) 27... Bc5 28. Nde7+ $2 (28. Nfe7+ $11 {and White has nothing to worry.} Kh8 29. Nxc6 Bxd4 30. Nxb8) 28... Kh8 $19 29. Nxc6 Bxc6 {[%emt 0:00:00] This bishop pair is nice.} 30. Qc3 Rg8 31. b4 Rxg5+ 32. Kh3 Bf8 {[%emt 0:00:00] ...Bd7 is the strong threat.} 33. Qe3 f6 {[%emt 0:00:00] Hoping for ...Bd7.} 34. Rf2 Nf3 (34... Bxb4 $142 35. Rb1 {[#]} Qc8 $1) 35. Bxf3 exf3 (35... Rxf5 $19 36. Be2 Rg5) 36. Qd3 (36. Qe6 $11 Qd8 37. Qxc6 (37. Rd1 $2 Qxd1 38. Qxf6+ Bg7 $19) 37... Rxf5 38. Rxf3 (38. Re8 Qd4 $11)) 36... Qf4 {[%emt 0:00:00] Black mates.} 37. Re6 Qg4+ 38. Kh2 Qg1+ 39. Kh3 Qxf2 {[%emt 0:00:00] Weighted Error Value: White=0.81/Black=0.64} 0-1

[Event "2nd Late Dr Abul K C Chess-ch A 2022"]
[Site "Dhaka"]
[Date "2022.07.07"]
[Round "7.1"]
[White "Rahman, Ziaur"]
[Black "Mohammad Minhaz Uddin"]
[Result "1/2-1/2"]
[ECO "D12"]
[WhiteElo "2424"]
[BlackElo "2260"]
[Annotator "TA"]
[PlyCount "69"]
[EventDate "2022.07.03"]
[EventCountry "BAN"]
[SourceTitle "playchess.com"]
[Source "ChessBase"]
[SourceQuality "1"]
[TimeControl "5400+30"]

1. Nf3 d5 2. d4 Nf6 3. c4 c6 4. e3 Bf5 5. Nc3 e6 6. Nh4 Be4 7. f3 Bg6 8. Qb3 Qc7 9. Bd2 {[%emt 0:00:42] D12: Slav Defence: 3 Nf3 Nf6 4 e3 Bf5.} Be7 10. Nxg6 hxg6 11. O-O-O {[%emt 0:00:08] The position is equal.} a6 12. cxd5 cxd5 13. Kb1 Nc6 14. Rc1 Rb8 15. Ne2 Bd6 16. g4 Nd7 17. e4 Na5 {[%emt 0:05:18] [#]} (17... Nb6 $5 ) 18. Bxa5 $146 ({Don't play} 18. Rxc7 Nxb3 19. Rc2 Nxd2+ 20. Rxd2 dxe4 21. fxe4 Nf6 $17) (18. Qd3 {is interesting.} Nc4 19. Ka1 Qb6 20. Bc3) ({Predecessor:} 18. Qd1 Nc4 19. e5 Be7 20. f4 Qb6 21. Rxc4 dxc4 22. Bg2 Rd8 23. Qc2 Nb8 24. f5 gxf5 25. gxf5 exf5 26. Qxf5 {0-1 (41) Rahman,Z (2429)-Idani,P (2614) Krasnaya Polyana 2021}) 18... Qxa5 19. e5 Be7 20. f4 Nb6 21. Ng3 Qb4 22. Qxb4 Bxb4 23. Rd1 {[%emt 0:10:24] Inhibits Bd2.} Rh4 24. a3 Be7 25. h3 Rc8 26. Rh2 Kd7 27. Rf2 Rhh8 28. Rf3 Rc7 29. f5 gxf5 30. gxf5 Bg5 31. Rb3 Nc8 32. Bg2 Ne7 33. Rf3 g6 34. fxe6+ fxe6 35. Rf7 {[%emt 0:02:39] Weighted Error Value: White=0.08 (flawless) /Black=0.06 (flawless)} 1/2-1/2

[Event "2nd Late Dr Abul K C Chess-ch A 2022"]
[Site "Dhaka"]
[Date "2022.07.07"]
[Round "7.2"]
[White "Khan, Nazrana"]
[Black "Subrota, Biswas"]
[Result "0-1"]
[ECO "E55"]
[WhiteElo "1829"]
[BlackElo "2253"]
[Annotator "RC"]
[PlyCount "29"]
[EventDate "2022.07.03"]
[EventCountry "BAN"]
[SourceTitle "playchess.com"]
[Source "ChessBase"]
[SourceQuality "1"]
[TimeControl "5400+30"]

1. d4 Nf6 2. c4 e6 3. Nc3 Bb4 4. e3 O-O 5. Bd3 d5 6. Nf3 dxc4 7. Bxc4 c5 8. O-O cxd4 9. exd4 b6 10. a3 Bxc3 11. bxc3 Qc7 12. Qb3 Bb7 13. Be2 Nc6 14. h3 Rac8 15. Bb2 0-1

[Event "2nd Late Dr Abul K C Chess-ch A 2022"]
[Site "Dhaka"]
[Date "2022.07.07"]
[Round "7.5"]
[White "abu, Hanif"]
[Black "Islam, Khandaker Aminul"]
[Result "1-0"]
[ECO "A49"]
[WhiteElo "2024"]
[BlackElo "2182"]
[Annotator "RC"]
[PlyCount "147"]
[EventDate "2022.07.03"]
[EventCountry "BAN"]
[SourceTitle "playchess.com"]
[Source "ChessBase"]
[SourceQuality "1"]
[TimeControl "5400+30"]

1. d4 c5 2. c3 b6 3. Nf3 Bb7 4. g3 Nf6 5. Bg2 g6 6. O-O Bg7 7. Na3 O-O 8. Re1 d6 9. Bg5 Nbd7 10. Qc1 Re8 11. h3 Rc8 12. Qd1 h6 13. Be3 Qc7 14. Rc1 Qb8 15. Nh2 Bxg2 16. Kxg2 Qb7+ 17. f3 cxd4 18. Bxd4 e5 19. Bf2 d5 20. Ng4 h5 21. Nxf6+ Nxf6 22. Qd2 Re6 23. Rcd1 Rec6 24. Be3 Bf8 25. Nb1 d4 26. cxd4 Rc2 27. Qd3 e4 28. fxe4 Nxe4 29. d5 Qe7 30. Rc1 Rxc1 31. Rxc1 Re8 32. Bg1 Qg5 33. Rd1 Bd6 34. h4 Qg4 35. Qf3 Nxg3 36. Qxg4 hxg4 37. Nc3 Nxe2 38. Nb5 Be5 39. d6 Nf4+ 40. Kf1 Ne6 41. d7 Rf8 42. Nxa7 Bc7 43. Nc6 f5 44. Bd4 Kf7 45. Be5 Bd8 46. Bc3 Bc7 47. Bb4 Rh8 48. Bc3 Ra8 49. a3 Nd8 50. Nd4 Be5 51. Re1 Bf6 52. h5 Ra7 53. hxg6+ Kxg6 54. Ne6 Bxc3 55. bxc3 Nf7 56. Nf4+ Kf6 57. Nd5+ Kg7 58. Re7 Ra8 59. Nxb6 Rd8 60. c4 Kf8 61. Re6 Ng5 62. Re5 Nf3 63. Rxf5+ Ke7 64. Rd5 Ke6 65. c5 Ne5 66. Rd6+ Ke7 67. Nd5+ Kf7 68. c6 Nxc6 69. Rxc6 Rxd7 70. Rc7 Rxc7 71. Nxc7 Kf6 72. Nb5 Ke5 73. Nc3 Kd4 74. a4 1-0

[Event "2nd Late Dr Abul K C Chess-ch A 2022"]
[Site "Dhaka"]
[Date "2022.07.07"]
[Round "7.6"]
[White "Rahman, Syed Mahfuzur"]
[Black "Jamal Uddin"]
[Result "1-0"]
[ECO "D27"]
[WhiteElo "2122"]
[BlackElo "2081"]
[Annotator "RC"]
[PlyCount "63"]
[EventDate "2022.07.03"]
[EventCountry "BAN"]
[SourceTitle "playchess.com"]
[Source "ChessBase"]
[SourceQuality "1"]
[TimeControl "5400+30"]

1. d4 d5 2. c4 Nf6 3. Nc3 dxc4 4. Nf3 e6 5. e3 a6 6. a4 c5 7. Bxc4 Nbd7 8. O-O Be7 9. Qe2 O-O 10. Rd1 Qc7 11. Bd2 b6 12. Rac1 Bb7 13. Ba2 Bc6 14. e4 Rfe8 15. e5 Nd5 16. Nxd5 exd5 17. e6 fxe6 18. Qxe6+ Kh8 19. Re1 Bd6 20. Qh3 Nf6 21. Bb1 Bf4 22. Bxf4 Rxe1+ 23. Rxe1 Qxf4 24. Ne5 Be8 25. Bg6 Qh6 26. Qxh6 gxh6 27. Bxe8 Rxe8 28. a5 c4 29. Nf7+ Kg7 30. Rxe8 Nxe8 31. axb6 Nf6 32. Ne5 1-0